 Dungeon Crawl Stone Soup version 0.31.0-1-g2c135a0 (webtiles) character file.

Game seed: 11508560487737594304

281 Kel the Cudgeller (level 6, -2/39 HPs)
             Began as a Gargoyle Berserker on Feb 10, 2024.
             Was a Priest of Trog.
             Slain by a phantom (3 damage)
             ... on level 4 of the Dungeon.
             The game lasted 00:06:07 (3178 turns).

Kel the Cudgeller (Gargoyle Berserker)              Turns: 3178, Time: 00:06:07

Health: -2/39      AC: 10    Str: 23    XL:     6   Next: 27%
Magic:  6/6        EV: 11    Int:  7    God:    Trog [***...]
Gold:   194        SH:  0    Dex:  9    Spells: 5/5 levels left

rFire   + . .        a - +0 mace
rCold   . . .        l - orb {guile}
rNeg    + . .        i - +0 ring mail
rPois   ∞            (no helmet)
rElec   +            (no cloak)
rCorr   .            (no gloves)
SInv    .            (no boots)
Will    .....        (no amulet) Stlth
                     m - ring of protection from fire
HPRegen 0.26/turn    (no ring)
MPRegen 0.10/turn

%: no passive effects
@: no status effects
A: sickness immunity, AC +4, negative energy resistance 1, electricity
resistance, torment resistance 1, petrification resistance
a: Renounce Religion, Berserk, Trog's Hand


You were on level 4 of the Dungeon.
You worshipped Trog.
Trog was most pleased with you.
You visited 1 branch of the dungeon, and saw 4 of its levels.

You collected 194 gold pieces.

Inventory:

Hand Weapons
 a - a +0 mace (weapon)
Armour
 i - a +0 ring mail (worn)
 l - an orb of guile (worn)
Jewellery
 m - a ring of protection from fire (left hand)
 r - an amulet of magic regeneration
Scrolls
 b - a scroll of identify {unknown}
 c - a scroll of enchant weapon {unknown}
 f - a scroll of amnesia {unknown}
 g - a scroll of revelation {unknown}
 h - a scroll of brand weapon {unknown}
 j - 2 scrolls of summoning {unknown}
 k - a scroll of poison {unknown}
 n - a scroll of noise {unknown}
 p - a scroll of teleportation {unknown}
 q - a scroll of blinking {unknown}
Potions
 d - a potion of cancellation {unknown}
 e - a potion of mutation {unknown}
 o - a potion of enlightenment {unknown}


   Skills:
 + Level 4.6 Fighting
 * Level 5.3 Maces & Flails
 + Level 3.9 Armour
 - Level 1.5 Dodging


You had 5 spell levels left.
You didn't know any spells.
Your spell library was empty.

Dungeon Overview and Level Annotations

Branches:
Dungeon (4/15)
 Temple: D:4-7

Altars:
Nemelex Xobeh
Wu Jian

Shops:
D:1 *

Annotations:
D:4 1 runed translucent door, Crazy Yiuf


Innate Abilities, Weirdness & Mutations

You are immune to sickness and miasma.
Your stone body is resilient. (AC +4)
You are immune to poison.
You resist negative energy. (rN+)
You are resistant to electric shocks. (rElec)
You are resistant to unholy torment.
You are immune to petrification.


Message History

The phantom barely misses you.
You sock the phantom!
The phantom is severely damaged.
The endoplasm closely misses you. The phantom hits you.
The endoplasm barely misses you.
The phantom hits you but does no damage.
You miss the phantom.
The phantom is severely damaged.
The phantom hits you but does no damage.
The endoplasm freezes you.
You are frozen.
You miss the phantom.
The phantom is severely damaged.
The endoplasm freezes you.
You are frozen.
The phantom completely misses you.
You hit the phantom.
The phantom is severely damaged.
The endoplasm freezes you.
You are frozen.
The phantom hits you.
* * * LOW HITPOINT WARNING * * *
You closely miss the phantom.
The phantom is severely damaged.
The endoplasm freezes you.
You are frozen.
* * * LOW HITPOINT WARNING * * *
The phantom hits you but does no damage.
You hit the phantom.
The phantom is almost destroyed.
The endoplasm hits you but does no damage.
The phantom hits you.
* * * LOW HITPOINT WARNING * * *
You barely miss the phantom.
The phantom is almost destroyed.
The endoplasm completely misses you.
The phantom hits you but does no damage.
The endoplasm freezes you.
You are frozen.
* * * LOW HITPOINT WARNING * * *
The phantom hits you.
You die...

..........)§....#
#####.##.....#
###......#..## .
....##§....##
##.. ####
####..## .... .#
####...#### ##..#
.#
#.......(.##...
.#
#.............#
.#
#..........J@W#
.#
..#.......##..#
..
.........###..#
.# ####.....#
##.# . ....... ..
#....... ###


You could see a phantom and an endoplasm.

Vanquished Creatures
  A sleepcap (D:3)
  An iguana (D:4)
  2 orc wizards (D:3)
  7 adders
  4 dart slugs
  4 ribbon worms
  4 orcs (D:3)
  6 bats
  9 endoplasms
  5 giant cockroaches
  7 goblins
  8 hobgoblins
  7 jackals
  8 kobolds
  2 quokkas (D:3)
  9 ball pythons
  4 frilled lizards
  3 rats (D:2)
91 creatures vanquished.

Notes
Turn   | Place    | Note
-------+----------+-------------------------------------------
     0 | D:1      | Kel the Gargoyle Berserker began the quest for the Orb.
     0 | D:1      | Reached XP level 1. HP: 14/14 MP: 1/1
   240 | D:1      | Reached XP level 2. HP: 19/19 MP: 2/2
   650 | D:1      | Found Ahirauq's General Store.
   765 | D:2      | Reached XP level 3. HP: 16/23 MP: 3/3
   840 | D:2      | Reached ** piety under Trog
   904 | D:2      | Found a faded altar of an unknown god.
   989 | D:2      | Reached skill level 4 in Maces & Flails
   989 | D:2      | Reached XP level 4. HP: 8/29 MP: 4/4
  1920 | D:3      | Reached XP level 5. HP: 33/33 MP: 5/5
  2276 | D:3      | Reached skill level 5 in Maces & Flails
  2292 | D:3      | Reached *** piety under Trog
  2762 | D:3      | Reached XP level 6. HP: 39/39 MP: 6/6
  2960 | D:4      | Found an ornate altar of the Wu Jian Council.
  3011 | D:4      | Found a runed translucent door.
  3012 | D:4      | Noticed Crazy Yiuf
  3092 | D:4      | Found a sparkling altar of Nemelex Xobeh.
  3178 | D:4      | HP: 1/39 [frozen (3)]
  3178 | D:4      | Slain by a phantom

Illustrated notes

Levels and vault maps discovered:
D:1:      dpeg_arrival_three_same_balls, layout_loops_ring, serial_shops,
          nicolae_shop_back_alley_shop
D:2:      layout_basic, nicolae_ecumenical_lake_church
D:3:      kennysheep_six_static_rooms, layout_basic
D:4:      layout_rooms, nemelex_xobeh_ov_fountains_minmay, vehumet_statue,
          pdpol_wu_jian_five_deadly_venoms, uniq_crazy_yiuf_cottage

Skill      XL: |  1  2  3  4  5 |
---------------+----------------+-----
Maces & Flails | 4 5 |  5.3
Armour         | 3 |  3.9
Fighting       | 4 |  4.6
Dodging        | |  1.5

Action                     |  1- 3 |  4- 6 || total
---------------------------+-------+-------++-------
  Melee: Mace              |    95 |   233 ||   328
         Punch             |     2 |       ||     2
 Invoke: Berserk           |     1 |     1 ||     2
   Stab: Sleeping          |     1 |       ||     1
 Armour: Animal skin       |    80 |    47 ||   127
         Ring mail         |       |   144 ||   144
  Dodge: Dodged            |    92 |   163 ||   255
